 Dungeon Crawl Stone Soup version 0.32-a0-433-g08bcfe7efd (webtiles) character file.

Game seed: 13540139595307374922

45 Bravepunisher the Ducker (level 3, 0/19 HPs)
             Began as a Spriggan Monk on Feb 22, 2024.
             Slain by a hound (4 damage)
             ... on level 6 of the Dungeon.
             The game lasted 00:05:35 (1179 turns).

Bravepunisher the Ducker (Spriggan Monk)            Turns: 1179, Time: 00:05:35

Health: 0/19       AC:  2    Str:  7    XL:     3   Next: 42%
Magic:  4/4        EV: 20    Int: 11    God:
Gold:   48         SH:  0    Dex: 19    Spells: 2/2 levels left

rFire   . . .        a - +0 short sword
rCold   . . .        (no shield)
rNeg    . . .        b - +0 robe
rPois   .            (helmet restricted)
rElec   .            (no cloak)
rCorr   .            (gloves unavailable)
SInv    +            (boots unavailable)
Will    .....        (no amulet)
Stlth   ++           e - +4 ring of slaying
HPRegen 0.23/turn    (no ring)
MPRegen 0.09/turn

%: no passive effects
@: very quick
A: very small, no large weapons, unfitting armour, see invisible, speed 3
a: no special abilities


You were on level 6 of the Dungeon.
You visited 1 branch of the dungeon, and saw 7 of its levels.

You collected 48 gold pieces.

Inventory:

Hand Weapons
 a - a +0 short sword (weapon)
Missiles
 h - 2 throwing nets (quivered)
Armour
 b - a +0 robe (worn)
Jewellery
 e - a +4 ring of slaying (left hand)
 g - a ring of positive energy
Wands
 m - a wand of roots (3)
 n - a wand of flame (12)
Scrolls
 d - a scroll of revelation {unknown}
 i - a scroll of identify {unknown}
 j - 2 scrolls of enchant weapon {unknown}
 l - 3 scrolls of fog {unknown}
Potions
 c - 2 potions of ambrosia
 f - a potion of heal wounds {unknown}
 k - a potion of curing {unknown}
 o - a potion of mutation {unknown}


   Skills:
 + Level 2.9 Fighting
 - Level 3.2 Short Blades
 * Level 5.4 Dodging


You had 2 spell levels left.
You didn't know any spells.
Your spell library contained the following spells:

 Spells                   Type           Power      Damage    Failure   Level
 Magic Dart               Conj           0%         1d3       34%         1
 Blink                    Tloc           0%         N/A       47%         2
 Call Imp                 Summ           0%         N/A       47%         2
 Static Discharge         Conj/Air       0%         3-3/arc   47%         2
 Airstrike                Air            0%         2d(0-16)  98%         4
 Summon Lightning Spire   Summ/Air       0%         N/A       98%         4


Dungeon Overview and Level Annotations

Branches:
Dungeon (7/15)
 Temple: D:4-7

Altars:
Fedhas
Gozag
Nemelex Xobeh
The Shining One


Innate Abilities, Weirdness & Mutations

You are very small and have problems with some larger weapons.
You are too small for most types of armour.
You have supernaturally acute eyesight. (SInv)
You cover ground extremely quickly. (Speed+++)


Message History

Found an orange potion.
A kobold comes into view. It is wielding a +0 club.
Found 12 gold pieces.
A kobold comes into view. It is wielding a +0 dagger.
The electric eel shoots out a bolt of lightning at you!
The bolt of electricity hits you!
Ouch! That really hurt!
The jelly quivers.
A bullfrog comes into view.
An orc comes into view. It is wielding a +0 short sword.
A white imp comes into view.
An orc wizard, 2 orcs and an orc priest come into view.
Found a spear.
The orc shouts! x2; The orc priest shouts!
The orc wizard shouts!
You hear a croak.
The orc priest threatens, "Beogh's wrath is as vast as their mercy.
Make your choice!" (press Y on the ability menu to convert to Beogh)
The kobold brigand throws a curare-tipped dart.
The curare-tipped dart barely misses you.
The kobold brigand throws a curare-tipped dart.
The curare-tipped dart barely misses you.
A hound comes into view.
Found 6 gold pieces.
The jelly attacks as it pursues you! The jelly hits you but does no damage.
The orc priest casts a cantrip, but nothing happens.
The hound barks!
An adder comes into view.
Found 13 gold pieces and 6 stones.
The adder hisses angrily.
The white imp gestures at you. The puff of frost hits you!
* * * LOW HITPOINT WARNING * * *
Unknown command.
A phantom comes into view.
Found a stone staircase leading down.
The hound barely misses you. The adder attacks as it pursues you!
The adder closely misses you. The hound attacks as it pursues you!
The hound bites you but does no damage. The adder attacks as it pursues you!
The adder completely misses you. The hound bites you.
You die...

####.#.##.........##.
#...o5#....>.
##.#...#....##
.#.#..#...J.....#
................
###..$......#.#
#.W.......# ..
#.......Sh########
#....$..(.@.......
##################


You could see a hound, a jelly, an adder, a white imp and an orc.

Vanquished Creatures
  A hound (D:5)
  An orc (D:3)
  2 endoplasms
  A giant cockroach (D:3)
  A hobgoblin (D:3)
  A quokka (D:4)
  2 ball pythons
  4 bats
  2 kobolds
  A rat (D:3)
16 creatures vanquished.

Notes
Turn   | Place    | Note
-------+----------+-------------------------------------------
     0 | D:1      | Bravepunisher the Spriggan Monk began the quest for the
                  | Orb.
     0 | D:1      | Reached XP level 1. HP: 11/11 MP: 2/2
   349 | D:3      | Reached XP level 2. HP: 16/16 MP: 3/3
   817 | D:5      | Entered Level 5 of the Dungeon
   871 | D:7      | Noticed an ice beast
   873 | D:6      | Noticed a kobold brigand
   894 | D:5      | Noticed an ogre
   933 | D:5      | Found a sparkling altar of Nemelex Xobeh.
   934 | D:5      | Found a blossoming altar of Fedhas.
   973 | D:5      | Found a glowing golden altar of the Shining One.
   974 | D:5      | Noticed a scorpion
   997 | D:5      | Found an opulent altar of Gozag.
  1000 | D:6      | Noticed a scorpion
  1033 | D:4      | Noticed a bombardier beetle
  1098 | D:5      | Reached skill level 5 in Dodging
  1098 | D:5      | Reached XP level 3. HP: 19/19 MP: 4/4
  1160 | D:6      | Noticed a bullfrog
  1173 | D:6      | Noticed a phantom
  1179 | D:6      | Slain by a hound

Illustrated notes

Levels and vault maps discovered:
D:1:      scummos_arrival_gate, layout_basic
D:2:      layout_loops_ring, uniq_natasha, uniq_jessica
D:3:      layout_basic
D:4:      layout_basic, uniq_robin
D:5:      layout_loops_ring, nicolae_tso_swordbearing_angel,
          grunt_gozag_statues, nicolae_overflow_macrodata_refinement
D:6:      layout_basic, fountainhead
D:7:      kennysheep_six_static_rooms, layout_cave_pools,
          nicolae_dithmenos_shadow_blocks, minmay_temple_entry_trees,
          enter_bailey_5, hangedman_decor_growths, chequers_mini_garden,
          nrook_mini_backslash, kennysheep_minor_cross,
          kennysheep_generic_room_4

Skill      XL: |  1  2 |
---------------+-------+-----
Dodging        | 5 |  5.4
Fighting       | |  2.9
Short Blades   | |  3.2

Action                     || total
---------------------------++-------
  Melee: Short sword       ||    34
   Stab: Sleeping          ||     2
 Armour: Robe              ||    14
  Dodge: Dodged            ||    49

Table legend: (Time is in decaauts)
 A = Elapsed time spent in this place.
 B = Non-inter-level travel time spent in this place.
 C = Inter-level travel time spent in this place.
 D = Time resting spent in this place.
 E = Time spent auto-exploring this place.
 F = Levels seen in this place.
 G = Mean time per level.
                   A        B        C        D        E       F      G
               +--------+--------+--------+--------+--------+-----+--------+
         Total |    756 |    756 |      0 |      0 |    162 |   7 |  108.0 |
       Dungeon |    756 |    756 |      0 |      0 |    162 |   7 |  108.0 |
               +--------+--------+--------+--------+--------+-----+--------+

Top non-repeatable levels by time:
     D:3: 325 daAuts
     D:4: 165 daAuts
     D:5: 127 daAuts
     D:6: 62 daAuts
     D:1: 50 daAuts
     D:2: 23 daAuts
     D:7: 1 daAuts
